 Dungeon Crawl Stone Soup version 0.18-a0-1293-g5a2c81a (webtiles) character file.

65 glosham the Grave Robber (level 3, 0/21 HPs)
             Began as a Deep Elf Necromancer on Feb 10, 2016.
             Slain by Grinder (4 damage)
             ... on level 3 of the Dungeon.
             The game lasted 00:26:53 (1667 turns).

glosham the Grave Robber (Deep Elf Necromancer)     Turns: 1667, Time: 00:26:53

Health: 0/21       AC:  3    Str:  5    XL:     3   Next: 94%
Magic:  10/10      EV: 13    Int: 20    God:
Gold:   212        SH:  0    Dex: 15    Spells: 3 memorised, 3 levels left

rFire  . . .     SeeInvis .     a - +0 spear
rCold  . . .     Gourm    .     X - +1 robe
rNeg   . . .     Faith    .     (no shield)
rPois  .         Spirit   .     (no helmet)
rElec  .         Dismiss  .     (no cloak)
rCorr  .         Reflect  .     (no gloves)
SustAt .         Harm     .     (no boots)
MR     .....                    (no amulet)
Stlth  ++........               (no ring)
                                (no ring)

@: not resistant to hostile enchantments, unstealthy
A: no striking features
a: no special abilities


You were on level 3 of the Dungeon.
You were not hungry.

You visited 1 branch of the dungeon, and saw 3 of its levels.

You collected 212 gold pieces.

Inventory:

Hand Weapons
 a - a +0 spear (weapon)
 h - a +0 short sword
Missiles
 i - 38 stones (quivered)
 n - 13 poisoned needles
Armour
 X - a +1 robe (worn)
Scrolls
 g - a scroll of blinking {unknown}
 l - a scroll of remove curse
Potions
 e - a potion of lignification
 f - 2 potions of curing
 j - a potion of cure mutation {unknown}
Books
 b - a book of Necromancy

   Spells                             Type                      Level
   a - Pain                           Necromancy                   1
   b - Animate Skeleton               Necromancy                   1
   c - Vampiric Draining              Necromancy                   3
   d - Regeneration                   Charms/Necromancy            3
   e - Animate Dead                   Necromancy                   4
   f - Control Undead                 Necromancy                   4
Comestibles
 c - 2 bread rations
 k - 2 chunks of flesh
 m - a meat ration


   Skills:
 - Level 2.2 Fighting
 - Level 2.4 Dodging
 - Level 2.4 Stealth
 * Level 4.0 Spellcasting
 - Level 1.1 Charms
 - Level 4.8 Necromancy


You had 3 spell levels left.
You knew the following spells:

 Your Spells              Type           Power        Failure   Level  Hunger
r - Regeneration          Chrm/Necr      ###.......   14%         3    ###....
v - Vampiric Draining     Necr           ###.......   8%          3    ###....
x - Pain                  Necr           ###.         1%          1    None


Dungeon Overview and Level Annotations

Branches:
Dungeon (3/15)

Altars:

Annotations:
D:3 Grinder


Message History

You hit the kobold but do no damage.
The kobold is moderately wounded.
The hobgoblin hits you but does no damage.
The rat bites you but does no damage. The kobold hits you but does no damage.
Attack whom?
Press: ? - help, Dir - move target cursor, f/p - Grinder
Aim: Grinder (moderately wounded)
You reach to attack!
You hit Grinder but do no damage.
Grinder is moderately wounded.
The hobgoblin hits you but does no damage.
Grinder gestures.
Grinder blinks!
The rat bites you but does no damage. The kobold hits you but does no damage.
Attack whom?
Press: ? - help, Dir - move target cursor, f/p - Grinder
Aim: Grinder (moderately wounded)
You reach to attack!
You hit Grinder.
Grinder is moderately wounded.
Grinder gestures at you.
You are unaffected.
The rat bites you but does no damage.
The hobgoblin hits you but does no damage.
The kobold barely misses you.
Attack whom?
Press: ? - help, Dir - move target cursor, f/p - Grinder
Aim: Grinder (moderately wounded)
You reach to attack!
You barely miss Grinder.
Grinder is moderately wounded.
The rat bites you but does no damage. Grinder gestures at you.
You are unaffected.
The hobgoblin hits you but does no damage.
The kobold hits you but does no damage. The rat bites you but does no damage.
You barely miss Grinder.
Grinder is moderately wounded.
You feel less woody.
Your +1 robe unmelds from your body.
The hobgoblin hits you with a club. The kobold hits you but does no damage.
Grinder hits you.
* * * LOW HITPOINT WARNING * * *
You writhe in agony.
You die...

#...........#
#..รท....###.#
###.....# #.#
#.....###.# .
#...#...#.# ...
#...#.....#
....##...#.#.#######
......K....#.......#
.......@5..#######.#
......rg.....#<###.#
#...##...%##.#...#.#
.... #....# .###.#.#
... ...!.. #.#.# ..
##....## #.#.#
.....# #.#.# ......
#.#.# #...#


You could see Grinder, a hobgoblin, a kobold and a rat.

Vanquished Creatures
  An adder (D:2)
  2 oozes
  2 ball pythons (D:1)
  6 giant cockroaches
  A goblin (D:2)
  8 hobgoblins
  4 jackals (D:1)
  6 kobolds
  A quokka (D:2)
  4 bats (D:2)
  3 giant newts
  2 rats
40 creatures vanquished.

Notes
Turn   | Place    | Note
--------------------------------------------------------------
     0 | D:1      | glosham the Deep Elf Necromancer began the quest for the Orb.
     0 | D:1      | Reached XP level 1. HP: 10/10 MP: 6/6
   110 | D:1      | Reached skill level 1 in Fighting
   384 | D:1      | Reached XP level 2. HP: 16/16 MP: 6/8
   801 | D:1      | Reached skill level 2 in Fighting
  1054 | D:2      | Reached XP level 3. HP: 9/21 MP: 4/9
  1069 | D:1      | Learned a level 3 spell: Regeneration
  1073 | D:1      | Learned a level 3 spell: Vampiric Draining
  1427 | D:2      | Reached skill level 4 in Spellcasting
  1631 | D:3      | Noticed Grinder
  1636 | D:3      | Reached skill level 1 in Charms
  1639 | D:3      | Paralysed by Grinder for 4 turns
  1654 | D:3      | Paralysed by Grinder for 7 turns
  1667 | D:3      | Slain by Grinder

Vault maps used:
D:1:      lemuel_arrival_tunnels
D:3:      grunt_dithmenos_smoke_and_mirrors, grunt_temple_overflow_diamond,
          first_bread, uniq_grinder, uniq_sigmund

Action                   || total
-------------------------++-------
Melee: Spear             ||    19
Throw: Tomahawk          ||     6
 Cast: Pain              ||    65
       Regeneration      ||     1
  Use: Scroll            ||     7
       Potion            ||     1
 Stab: Sleeping          ||     1
  Eat: Chunk             ||     2

Table legend:
 A = Turns spent in this place as a percentage of turns spent in the entire game.
 B = Non-inter-level travel turns spent in this place as a percentage of non-inter-level travel turns spent in the entire game.
 C = Inter-level travel turns spent in this place as a percentage of turns spent in this place.
 D = Turns resting spent in this place as a percentage of non-inter-level travel turns spent in this place.
 E = Turns spent auto-exploring this place as a percentage of non-inter-level travel turns spent in this place.
 F = Non-inter-level travel turns spent in this place divided by the number of levels of this place that you've seen.
                   A       B       C       D       E      F
               +-------+-------+-------+-------+-------+----------------------
         Total | 100.0 | 100.0 |   0.3 |   0.4 |   0.2 | 368.3
       Dungeon | 100.0 | 100.0 |   0.3 |   0.4 |   0.2 | 368.3
               +-------+-------+-------+-------+-------+----------------------

Table legend:
 A = Kills in this place as a percentage of kills in entire the game.
 B = Kills by you in this place as a percentage of kills by you in the entire game.
 C = Kills by friends in this place as a percentage of kills by friends in the entire game.
 D = Other kills in this place as a percentage of other kills in the entire game.
 E = Experience gained in this place as a percentage of experience gained in the entire game.
 F = Experience gained in this place divided by the number of levels of this place that you have seen.
                   A       B       C       D       E      F
               +-------+-------+-------+-------+-------+----------------------
         Total | 100.0 | 100.0 |  -nan |  -nan | 100.0 |  31.3
       Dungeon | 100.0 | 100.0 |  -nan |  -nan | 100.0 |  31.3
               +-------+-------+-------+-------+-------+----------------------

Vault maps used:
D:1:      lemuel_arrival_tunnels
D:3:      grunt_dithmenos_smoke_and_mirrors, grunt_temple_overflow_diamond,
          first_bread, uniq_grinder, uniq_sigmund
